 Dungeon Sprint DCSS version 0.31-a0-810-ga77100ea1a (webtiles) character file.

Game seed: 17677050603633694476

48782 SmokeWeed the Slayer (level 14, 0/152 HPs)
             Began as a Minotaur Gladiator on Sept 22, 2023.
             Was a High Priest of Okawaru.
             Killed from afar by a frost giant (45 damage)
             ... with a bolt of cold
             ... in the Dungeon (Sprint IX: "|||||||||||||||||||||||||||||").
             The game lasted 00:33:22 (3704 turns).

SmokeWeed the Slayer (Minotaur Gladiator)           Turns: 3704, Time: 00:33:23

Health: 0/152      AC: 35    Str: 26    XL:     14   Next: 13%
Magic:  16/22      EV: 16    Int:  5    God:    Okawaru [*****.]
Gold:   764        SH: 33    Dex: 13    Spells: 13/13 levels left

rFire   . . .        q - +2 scimitar (holy)
rCold   . . .        D - +18 shield of the Gong {Loud rN+ Will+ rCorr EV-5}
rNeg    + . .        z - +6 plate armour
rPois   .            c - +0 hat
rElec   .            K - +1 cloak
rCorr   +            E - +2 pair of gloves {Stlth+}
SInv    .            F - +2 pair of slick slippers {slick, slippery, EV+4}
Will    ++...        (no amulet)
Stlth   +            t - +2 ring of evasion
HPRegen 0.45/turn    u - +3 ring of strength
MPRegen 0.18/turn

%: no teleportation
@: heroic, finesse-ful
A: horns 2, retaliatory headbutt
a: Renounce Religion, Heroism, Finesse


You were in the Dungeon.
You worshipped Okawaru.
Okawaru was extremely pleased with you.
You visited 1 branch You collected 1938 gold pieces.
You spent 1174 gold pieces at shops.

Inventory:

Hand Weapons
 o - a +2 morningstar of protection
 p - a +2 rapier of draining
 q - a +2 scimitar of holy wrath (weapon)
 s - a +2 great sword of flaming
 v - the +8 mace "Earthworm" {spect, rF- rN+ Dex+4}
   (You found it in the Dungeon)

   Dex+4:     It affects your dexterity (+4).
   rF-:       It makes you vulnerable to fire.
   rN+:       It protects you from negative energy.
Missiles
 B - 8 boomerangs
 C - a dart of dispersal
 M - a silver javelin
 N - a datura-tipped dart
Armour
 a - +1 ice dragon scales
 c - a +0 hat (worn)
 r - a +1 pair of boots of rampaging
 z - a +6 plate armour (worn)
 A - a +1 ring mail of poison resistance
 D - the +18 shield of the Gong (worn) {Loud rN+ Will+ rCorr EV-5}
   (You bought it in a shop in the Dungeon)

   Loud:      It is deafeningly noisy when blocking attacks.
   EV-5:      It affects your evasion (-5).
   rN+:       It protects you from negative energy.
   Will+:     It increases your willpower.
   rCorr:     It protects you from acid and corrosion.
 E - a +2 pair of gloves of stealth (worn)
 F - the +2 pair of slick slippers (worn) {slick, slippery, EV+4}
   (You found it in the Dungeon)

   Slick:     Its wearer cannot be constricted, engulfed, netted or webbed.
   Slippery:  Its wearer slips away from damaging melee attacks, pulling the
   attacker onward.
   EV+4:      It affects your evasion (+4).
 K - a +1 cloak (worn)
Jewellery
 t - a +2 ring of evasion (left hand)
 u - a +3 ring of strength (right hand)
 G - a ring of protection from cold
 H - a ring of protection from cold
 I - a ring of protection from fire
 J - a ring of ice
Wands
 n - a wand of acid (3) (quivered)
Scrolls
 b - a scroll of silence
 k - 3 scrolls of blinking
 m - 2 scrolls of amnesia
 w - 4 scrolls of enchant weapon
 x - 2 scrolls of fog
 y - 2 scrolls of fear
Potions
 f - 4 potions of curing
 g - 3 potions of heal wounds
 h - 3 potions of haste
 i - 4 potions of magic
 j - 5 potions of berserk rage
 l - a potion of invisibility
 L - a potion of might


   Skills:
 * Level 21.7(26.7) Fighting
 + Level 19.3(24.3) Long Blades
 + Level 5.1(10.1) Maces & Flails
 * Level 14.0(19.0) Throwing
 * Level 17.1(22.1) Armour
 + Level 12.4(17.4) Dodging
 + Level 5.2(10.2) Stealth
 * Level 16.2(21.2) Shields
 * Level 12.2 Invocations
 * Level 11.5 Evocations


You had 13 spell levels left.
You didn't know any spells.
Your spell library was empty.

Dungeon Overview and Level Annotations

Branches:
Dungeon (1/1)

Altars:
Cheibriados
Dithmenos
Elyvilon
Fedhas
Gozag
Hepliaklqana
Kikubaaqudgha
Makhleb
Nemelex Xobeh
Okawaru
Qazlal
Ru
Sif Muna
Trog
Uskayaw
Vehumet
Wu Jian
Xom
Yredelemnul
Zin
The Shining One
Jiyva
Lugonu

Shops:
D (([[


Innate Abilities, Weirdness & Mutations

You have a pair of horns on your head.
You reflexively headbutt those who attack you in melee.


Message History

You headbutt the frost giant!
The frost giant is lightly wounded.
You hit the frost giant.
The frost giant is lightly wounded.
The frost giant points at you and mumbles some strange words.
The bolt of cold misses you.
You hit the frost giant but do no damage.
The frost giant is lightly wounded.
You block the frost giant's attack.
SHROANNG!
You hear a deafening roar!
You slash the frost giant!
The frost giant is moderately wounded.
The frost giant points at you and mumbles some strange words.
The bolt of cold hits you!!
* * * LOW HITPOINT WARNING * * *
Throw: 2 throwing nets
Press: ? - help, Q - select action, (/) - cycle Shift-Dir - straight line, f - frost giant
Aim: a frost giant, wielding a +2 battleaxe of freezing (moderately wounded, 90% to hit, immune to nets)
You throw a throwing net. The throwing net hits the frost giant.
The frost giant is too large for the net to hold!
The frost giant is moderately wounded.
Throw: throwing net
Press: ? - help, Q - select action, (/) - cycle Shift-Dir - straight line, f/p - frost giant
Aim: a frost giant, wielding a +2 battleaxe of freezing (moderately wounded, 90% to hit, immune to nets)
You throw a throwing net. The throwing net hits the frost giant.
The frost giant is too large for the net to hold!
The frost giant is moderately wounded.
The frost giant gestures at you while chanting.
The bolt of cold misses you.
Aiming: Corrosive Bolt
Press: ? - help, Q - select action, (/) - cycle Shift-Dir - straight line, f/p - frost giant
Aim: a frost giant, wielding a +2 battleaxe of freezing (moderately wounded, 98% to hit)
The bolt of acid hits the frost giant!!
The acid corrodes the frost giant!
The frost giant is heavily wounded.
You block the frost giant's attack.
BOUMMMMG!
You hear a deafening roar!
You can now deal lightning-fast blows.
The frost giant casts a spell at you. The bolt of cold hits you!!!
You die...

▓.▓.▓.▓.▓.▓.▓.▓.▓.▓.
▓C▓.▓.▓.▓.▓.▓.▓.▓'▓.
▓.▓.▓.▓.▓.▓.▓.▓.▓.▓.
▓.▓.▓.▓.▓.▓.▓.▓.▓.▓.
▓.▓.▓.▓.▓.▓.▓.▓.▓.▓.
▓.▓.▓.▓.▓.▓.▓.▓.▓.▓.
▓.▓.▓.▓.▓.▓.▓.▓.▓.▓.
▓.▓.▓.▓.▓.▓.▓.▓.▓.▓.
▓.C@▓...▓...▓...▓...
▓▓▓▓▓▓▓▓▓▓▓▓▓▓▓▓▓▓▓▓


You could see a frost giant (corroded).

Vanquished Creatures
  Agnes (D)
  A sphinx (D)
  3 frost giants (D)
  An emperor scorpion (D)
  2 fire giants (D)
  2 very ugly things (D)
  3 stone giants (D)
  A spark wasp (D)
  An ettin (D)
  Josephine (D)
  A merfolk javelineer (D)
  An ice dragon (D)
  2 hydras (D)
  A rakshasa (D)
  An ogre mage (D)
  Erolcha (D)
  2 boulder beetles (D)
  A centaur warrior (D)
  A tengu warrior (D)
  A spriggan berserker (D)
  2 demonic crawlers (D)
  2 orc high priests (D)
  3 naga sharpshooters (D)
  2 skysharks (D)
  A goliath frog (D)
  A flayed ghost (D)
  A glowing orange brain (D)
  A naga ritualist (D)
  3 orc knights (D)
  2 mana vipers (D)
  11 orc sorcerers (D)
  A salamander (D)
  2 manticores (D)
  3 will-o-the-wisps (D)
  5 black mambas (D)
  2 merfolk sirens (D)
  5 cane toads (D)
  An unseen horror (D)
  A kobold demonologist (D)
  A komodo dragon (D)
  A tengu conjurer (D)
  2 trolls (D)
  3 merfolk (D)
  A hornet (D)
  2 tyrant leeches (D)
  4 jumping spiders (D)
  A spriggan (D)
  2 snapping turtles (D)
  A culicivora (D)
  7 wraiths (D)
  2 wyverns (D)
  A yak (D)
  A redback (D)
  Grum (D)
  2 basilisks (D)
  2 vampire mosquitoes (D)
  A naga (D)
  5 water moccasins (D)
  A swamp drake (D)
  10 orc warriors (D)
  An ogre (D)
  4 wolves (D)
  A centaur (D)
  4 bullfrogs (D)
  2 scorpions (D)
  A jelly (D)
  An orc priest (D)
  7 orc wizards (D)
  7 orcs (D)
  An endoplasm (D)
  A giant cockroach (D)
  A hobgoblin (D)
  A ball python (D)
  A ball python simulacrum (D)
  A frilled lizard (D)
162 creatures vanquished.

Vanquished Creatures (others)
  An ogre mage (D)
  3 foxfires (D)
4 creatures vanquished.

Grand Total: 166 creatures vanquished

Notes
Turn   | Place    | Note
-------+----------+-------------------------------------------
     0 | D        | SmokeWeed the Minotaur Gladiator began the quest for the
                  | Orb.
     0 | D        | Reached XP level 1. HP: 18/18 MP: 0/0
    33 | D        | Noticed a scorpion
    33 | D        | Noticed a scorpion
    33 | D        | Noticed an ogre
    33 | D        | Noticed a jelly
    37 | D        | Killed a jelly
    38 | D        | Reached skill level 3 in Fighting
    38 | D        | Reached skill level 5 in Dodging
    38 | D        | Reached XP level 2. HP: 14/26 MP: 1/1
    38 | D        | Reached XP level 3. HP: 17/31 MP: 2/2
    41 | D        | Killed an ogre
    42 | D        | Reached skill level 4 in Fighting
    42 | D        | Reached XP level 4. HP: 25/41 MP: 3/3
    48 | D        | Killed a scorpion
    49 | D        | Reached skill level 5 in Fighting
    49 | D        | Reached skill level 1 in Stealth
    49 | D        | Reached XP level 5. HP: 20/48 MP: 4/4
    51 | D        | Reached skill level 6 in Fighting
    59 | D        | Found a snail-covered altar of Cheibriados.
    59 | D        | Found a shadowy altar of Dithmenos.
    59 | D        | Found a white marble altar of Elyvilon.
    59 | D        | Found a blossoming altar of Fedhas.
    59 | D        | Found an opulent altar of Gozag.
    60 | D        | Found a hazy altar of Hepliaklqana.
    61 | D        | Found a viscous altar of Jiyva.
    62 | D        | Found an ancient bone altar of Kikubaaqudgha.
    63 | D        | Found a corrupted altar of Lugonu.
    64 | D        | Found a burning altar of Makhleb.
    65 | D        | Found a sparkling altar of Nemelex Xobeh.
    66 | D        | Found an iron altar of Okawaru.
    67 | D        | Found a stormy altar of Qazlal.
    68 | D        | Found a sacrificial altar of Ru.
    69 | D        | Found a shimmering blue altar of Sif Muna.
    70 | D        | Found a bloodstained altar of Trog.
    71 | D        | Found a hide-covered altar of Uskayaw.
    72 | D        | Found a radiant altar of Vehumet.
    73 | D        | Found an ornate altar of the Wu Jian Council.
    74 | D        | Became a worshipper of Warmaster Okawaru
    75 | D        | Found a shimmering altar of Xom.
    76 | D        | Found a basalt altar of Yredelemnul.
    77 | D        | Found a glowing silver altar of Zin.
    78 | D        | Found a glowing golden altar of the Shining One.
   152 | D        | Noticed a yak
   152 | D        | Noticed a wraith
   152 | D        | Noticed a troll
   152 | D        | Noticed a wyvern
   152 | D        | Noticed a wraith
   166 | D        | Killed a wraith
   167 | D        | Reached skill level 7 in Fighting
   167 | D        | Reached XP level 6. HP: 38/60 MP: 5/5
   172 | D        | Killed a wyvern
   172 | D        | Reached * piety under Okawaru
   173 | D        | Reached XP level 7. HP: 25/67 MP: 6/6
   176 | D        | Killed a troll
   177 | D        | Reached skill level 8 in Fighting
   177 | D        | Reached skill level 5 in Throwing
   180 | D        | Killed a wraith
   181 | D        | Reached skill level 9 in Fighting
   181 | D        | Reached skill level 10 in Dodging
   187 | D        | Killed a yak
   187 | D        | Reached ** piety under Okawaru
   188 | D        | Reached XP level 8. HP: 26/78 MP: 3/7
   348 | D        | Noticed a troll
   348 | D        | Noticed a manticore
   348 | D        | Noticed a kobold demonologist
   360 | D        | Killed an unseen horror
   361 | D        | Reached skill level 10 in Fighting
   362 | D        | Killed a kobold demonologist
   363 | D        | Reached skill level 5 in Armour
   367 | D        | Killed a manticore
   368 | D        | Reached skill level 11 in Fighting
   368 | D        | Reached skill level 15 in Long Blades
   368 | D        | Reached skill level 1 in Invocations
   371 | D        | Reached XP level 9. HP: 41/89 MP: 6/9
   373 | D        | Killed a troll
   763 | D        | Got the +8 mace "Earthworm" {spect, rF- rN+ Dex+4}
   780 | D        | Noticed a cane toad
   780 | D        | Noticed a black mamba
   780 | D        | Noticed a black mamba
   792 | D        | Killed a black mamba
   792 | D        | Reached *** piety under Okawaru
   793 | D        | Reached skill level 12 in Fighting
   793 | D        | Reached skill level 1 in Evocations
   795 | D        | Killed a cane toad
   796 | D        | Noticed a skyshark
   800 | D        | Killed a black mamba
   808 | D        | Killed a skyshark
   808 | D        | Reached **** piety under Okawaru
   809 | D        | Reached skill level 13 in Fighting
   809 | D        | Reached XP level 10. HP: 20/101 MP: 7/12
  1038 | D        | Noticed a skyshark
  1038 | D        | Noticed a cane toad
  1040 | D        | Noticed a black mamba
  1043 | D        | Noticed a black mamba
  1047 | D        | Reached skill level 10 in Armour
  1050 | D        | Killed a cane toad
  1051 | D        | Reached skill level 14 in Fighting
  1056 | D        | Killed a skyshark
  1056 | D        | Reached ***** piety under Okawaru
  1058 | D        | Reached skill level 5 in Invocations
  1062 | D        | Killed a black mamba
  1063 | D        | Killed a black mamba
  1069 | D        | Reached skill level 5 in Maces & Flails
  1071 | D        | Reached skill level 15 in Fighting
  1071 | D        | Reached skill level 5 in Evocations
  1323 | D        | Noticed a cane toad
  1323 | D        | Noticed a cane toad
  1324 | D        | Noticed a cane toad
  1344 | D        | Killed a cane toad
  1344 | D        | Received a gift from Okawaru
  1358 | D        | Killed a cane toad
  1367 | D        | Killed a cane toad
  1368 | D        | Reached XP level 11. HP: 35/114 MP: 7/14
  1703 | D        | Noticed an orc high priest
  1703 | D        | Noticed an orc high priest
  1713 | D        | Killed an orc high priest
  1714 | D        | Reached skill level 16 in Fighting
  1720 | D        | Killed an orc high priest
  1851 | D        | Noticed an orc knight
  1860 | D        | Killed an orc knight
  1863 | D        | Noticed an orc sorcerer
  1867 | D        | Noticed a sun demon
  1868 | D        | Noticed an orc knight
  1870 | D        | Reached skill level 17 in Fighting
  1878 | D        | Killed an orc sorcerer
  1878 | D        | Received a gift from Okawaru
  1890 | D        | Killed an orc knight
  2081 | D        | Found Ywuow's Armour Boutique.
  2081 | D        | Noticed an orc sorcerer
  2081 | D        | Noticed an orc sorcerer
  2081 | D        | Noticed an orc sorcerer
  2081 | D        | Noticed an orc sorcerer
  2081 | D        | Noticed an orc sorcerer
  2082 | D        | Killed an orc sorcerer
  2083 | D        | Killed an orc sorcerer
  2083 | D        | Killed an orc sorcerer
  2083 | D        | Killed an orc sorcerer
  2084 | D        | Noticed an orc sorcerer
  2086 | D        | Killed an orc sorcerer
  2087 | D        | Reached skill level 5 in Stealth
  2088 | D        | Noticed an orc sorcerer
  2095 | D        | Noticed a soul eater
  2096 | D        | Killed an orc sorcerer
  2097 | D        | Reached skill level 18 in Fighting
  2097 | D        | Found Caevojis's Armour Shop.
  2108 | D        | Killed an orc sorcerer
  2111 | D        | Found Quceu's Weapon Boutique.
  2114 | D        | Found Boiraid's Weapon Shop.
  2118 | D        | Noticed an orc sorcerer
  2119 | D        | Noticed an orc sorcerer
  2122 | D        | Noticed an orc sorcerer
  2125 | D        | Killed an orc sorcerer
  2127 | D        | Killed an orc sorcerer
  2127 | D        | Received a gift from Okawaru
  2127 | D        | Paralysed by an orc sorcerer for 3 turns
  2134 | D        | Killed an orc sorcerer
  2135 | D        | Reached XP level 12. HP: 75/128 MP: 17/17
  2183 | D        | Bought the +18 shield of the Gong {Loud rN+ Will+ rCorr
                  | EV-5} for 959 gold pieces
  2183 | D        | Found the +18 shield of the Gong {Loud rN+ Will+ rCorr
                  | EV-5}
  2183 | D        | Bought a +2 pair of gloves of stealth for 215 gold pieces
  2269 | D        | Noticed Josephine
  2287 | D        | Killed Josephine
  2288 | D        | Reached skill level 1 in Shields
  2391 | D        | Found the +2 pair of slick slippers {slick, slippery, EV+4}
  2594 | D        | Noticed a centaur warrior
  2594 | D        | Noticed an ogre mage
  2594 | D        | Noticed a boulder beetle
  2594 | D        | Noticed an ogre mage
  2595 | D        | Noticed a boulder beetle
  2599 | D        | Paralysed by an ogre mage for 5 turns
  2605 | D        | Killed an ogre mage
  2612 | D        | Noticed a stone giant
  2618 | D        | Killed an ogre mage
  2626 | D        | Killed a boulder beetle
  2627 | D        | Killed a centaur warrior
  2628 | D        | Reached skill level 19 in Fighting
  2629 | D        | Killed a boulder beetle
  2636 | D        | Noticed a fire giant
  2638 | D        | Killed a stone giant
  2639 | D        | Reached skill level 5 in Shields
  2639 | D        | Noticed a stone giant
  2649 | D        | Killed a fire giant
  2650 | D        | Reached skill level 10 in Throwing
  2651 | D        | Received a gift from Okawaru
  2651 | D        | Noticed a rakshasa
  2655 | D        | Reached skill level 15 in Armour
  2664 | D        | Killed a stone giant
  2684 | D        | Killed a rakshasa
  2775 | D        | Noticed Erolcha
  2789 | D        | Killed Erolcha
  2846 | D        | Noticed an emperor scorpion
  2846 | D        | Noticed a demonic crawler
  2846 | D        | Noticed a demonic crawler
  2857 | D        | Killed a demonic crawler
  2857 | D        | Received a gift from Okawaru
  2858 | D        | Reached skill level 10 in Invocations
  2859 | D        | Reached skill level 20 in Fighting
  2865 | D        | Killed a demonic crawler
  2878 | D        | Killed an emperor scorpion
  2879 | D        | Reached XP level 13. HP: 108/139 MP: 14/19
  2938 | D        | Reached skill level 10 in Shields
  2968 | D        | Received a gift from Okawaru
  2982 | D        | Reached skill level 10 in Evocations
  3290 | D        | Noticed a merfolk javelineer
  3305 | D        | Killed a merfolk javelineer
  3370 | D        | Received a gift from Okawaru
  3446 | D        | Noticed Agnes
  3449 | D        | Noticed Grum
  3460 | D        | Killed Agnes
  3461 | D        | Reached skill level 21 in Fighting
  3471 | D        | Killed Grum
  3528 | D        | Noticed a cyan very ugly thing
  3528 | D        | Noticed a frost giant
  3528 | D        | Noticed a frost giant
  3528 | D        | Noticed an ettin
  3528 | D        | Noticed a stone giant
  3528 | D        | Noticed a fire giant
  3534 | D        | Killed a fire giant
  3535 | D        | Killed a stone giant
  3535 | D        | Killed a frost giant
  3535 | D        | Killed a frost giant
  3536 | D        | Noticed a frost giant
  3541 | D        | Killed a cyan very ugly thing
  3541 | D        | Received a gift from Okawaru
  3542 | D        | Reached skill level 15 in Shields
  3542 | D        | Noticed a spark wasp
  3545 | D        | Noticed a sphinx
  3552 | D        | Killed an ettin
  3555 | D        | Killed a frost giant
  3556 | D        | Reached XP level 14. HP: 21/151 MP: 15/21
  3582 | D        | Killed a sphinx
  3667 | D        | Noticed a red very ugly thing
  3680 | D        | Killed a red very ugly thing
  3689 | D        | Noticed a frost giant
  3704 | D        | Killed from afar by a frost giant

Illustrated notes

Levels and vault maps discovered:
D:        linesprint [early_d, line_temple, items_1, d_10, items_2, lair_1,
          lair_end, items_3, orc_1, orc_end, items_4, d_15, swamp_1, shoals_1,
          snake_1, spider_1, d_20, vaults_1, items_5, swamp_end, shoals_end,
          snake_end, spider_end, vaults_end, d_27, items_6, zot_1, zot_end,
          crypt_end, forest_end, elf_end, slime_end, tomb_end, abyss_end,
          pan_hell_end]

Skill      XL: |  1  2  3  4  5  6  7  8  9 10 11 12 13 14 |
---------------+-------------------------------------------+-----
Long Blades    | 6 8 9 11 13 15 16 17 18 19 | 19.3
Dodging        | 5 7 9 10 11 12 | 12.4
Fighting       | 3 4 5 7 9 11 13 15 18 20 21 | 21.7
Throwing       | 3 4 5 6 7 8 11 13 14 | 14.0
Stealth        | 1 2 3 4 5 |  5.2
Armour         | 2 3 6 9 12 14 15 16 17 | 17.1
Invocations    | 1 4 6 8 10 11 12 | 12.2
Maces & Flails | 4 5 |  5.1
Evocations     | 3 5 8 9 11 | 11.5
Shields        | 9 15 16 | 16.2

Action                     |  1- 3 |  4- 6 |  7- 9 | 10-12 | 13-15 || total
---------------------------+-------+-------+-------+-------+-------++-------
  Melee: Long sword        |    16 |    25 |    41 |       |       ||    82
         Headbutt          |     2 |     2 |    14 |    71 |    47 ||   136
         Punch             |     1 |     1 |     5 |     5 |       ||    12
         Scimitar          |       |       |    15 |   290 |   166 ||   471
         Mace              |       |       |     5 |       |       ||     5
  Throw: Javelin           |     1 |       |     2 |    17 |    17 ||    37
         Throwing net      |     1 |     4 |       |     2 |     4 ||    11
         Boomerang         |       |       |       |    24 |    24 ||    48
         Dart              |       |       |       |       |     2 ||     2
 Invoke: Heroism           |       |       |     5 |    10 |     6 ||    21
         Finesse           |       |       |       |     4 |     2 ||     6
  Evoke: Wand              |       |       |     3 |     3 |     1 ||     7
    Use: Potion            |       |       |     1 |     5 |     2 ||     8
         Scroll            |       |       |       |     4 |       ||     4
   Stab: Held in net/web   |     1 |     1 |       |       |       ||     2
         Distracted        |       |       |       |     1 |       ||     1
 Armour: Leather armour    |     8 |     2 |       |       |       ||    10
         Scale mail        |       |    14 |    49 |    61 |       ||   124
         Plate armour      |       |       |       |    26 |    39 ||    65
  Dodge: Dodged            |     2 |    19 |    60 |    94 |    18 ||   193
  Block: Kite shield       |       |       |       |    84 |   155 ||   239

Table legend: (Time is in decaauts)
 A = Elapsed time spent in this place.
 B = Non-inter-level travel time spent in this place.
 C = Inter-level travel time spent in this place.
 D = Time resting spent in this place.
 E = Time spent auto-exploring this place.
 F = Levels seen in this place.
 G = Mean time per level.
                   A        B        C        D        E       F      G
               +--------+--------+--------+--------+--------+-----+--------+
         Total |   3502 |   3466 |     36 |   1665 |      8 |   1 | 3502.0 |
       Dungeon |   3502 |   3466 |     36 |   1665 |      8 |   1 | 3502.0 |
               +--------+--------+--------+--------+--------+-----+--------+

Top non-repeatable levels by time:
       D: 3502 daAuts
